 Dungeon Crawl Stone Soup version 0.31.0-11-ge490571c62 (webtiles) character file.

Game seed: 16102268055482216886

1239 SnakkuSnakku7 the Martial Artist (level 8, -1/62 HPs)
             Began as a Merfolk Air Elementalist on Jan 30, 2024.
             Was an Initiate of Ru.
             Slain by an iguana (11 damage)
             ... on level 5 of the Dungeon.
             The game lasted 00:07:19 (5815 turns).

SnakkuSnakku7 the Martial Artist (MfAE)             Turns: 5815, Time: 00:07:20

Health: -1/62      AC:  4    Str: 11    XL:     8   Next: 49%
Magic:  11/11      EV: 12    Int: 14    God:    Ru [......]
Gold:   161        SH:  0    Dex: 14    Spells: 10/11 levels left

rFire   . .          .
                       - Unarmed
rCold   . . .        (no shield)
rNeg    . . .        a - +0 robe
rPois   +            j - +0 helmet
rElec   .            (no cloak)
rCorr   .            s - +0 pair of gloves
SInv    .            (no boots)
Will    +....        (no amulet)
Stlth   ++           r - ring of willpower
HPRegen 0.30/turn    e - ring of poison resistance
MPRegen 0.12/turn

%: no passive effects
@: no status effects
A: (nimble swimmer 2), mertail
a: Renounce Religion, Sacrifice Experience, Sacrifice a Hand, Sacrifice Forms,
Reject Sacrifices


You were on level 5 of the Dungeon.
You worshipped Ru.
Ru was noncommittal.
You visited 2 branches of the dungeon, and saw 7 of its levels.

You collected 161 gold pieces.

Inventory:

Armour
 a - a +0 robe (worn)
 j - a +0 helmet (worn)
 s - a +0 pair of gloves (worn)
Jewellery
 e - a ring of poison resistance (right hand)
 r - a ring of willpower (left hand)
 x - a ring of resist corrosion
Talismans
 l - a flux talisman
Wands
 t - a wand of polymorph (8)
Scrolls
 d - 2 scrolls of vulnerability {unknown}
 k - a scroll of enchant armour {unknown}
 m - 2 scrolls of identify
 n - 2 scrolls of blinking {unknown}
 o - a scroll of amnesia {unknown}
 q - a scroll of immolation {unknown}
 u - a scroll of acquirement {unknown}
 y - a scroll of teleportation {unknown}
Potions
 b - 4 potions of magic
 c - 3 potions of curing {unknown}
 f - a potion of cancellation {unknown}
 h - a potion of brilliance
 i - 2 potions of haste {unknown}
 p - 2 potions of resistance
 v - a potion of mutation


   Skills:
 - Level 5.0 Fighting
 - Level 2.6 Dodging
 - Level 2.1 Stealth
 + Level 9.5 Unarmed Combat
 - Level 2.0 Spellcasting
 - Level 0.7 Conjurations
 - Level 2.4 Air Magic


You had 10 spell levels left.
You knew the following spells:

 Your Spells              Type           Power      Damage    Failure   Level
a - Shock                 Conj/Air       20%        1d4       13%         1

Your spell library contained the following spells:

 Spells                   Type           Power      Damage    Failure   Level
 Static Discharge         Conj/Air       10%        3-4/arc   19%         2
 Summon Small Mammal      Summ           4%         N/A       24%         1
 Swiftness                Air            8%         N/A       26%         3
 Lesser Beckoning         Tloc           2%         N/A       34%         2
 Call Canine Familiar     Summ           1%         N/A       56%         3
 Gell's Gravitas          Tloc           1%         N/A       56%         3
 Teleport Other           Tloc           1%         N/A       56%         3
 Airstrike                Air            4%         2d(1-17)  65%         4
 Summon Blazeheart Golem  Fire/Summ      1%         N/A       93%         4


Dungeon Overview and Level Annotations

Branches:
Dungeon (6/15)             Temple (1/1) D:5

Altars:
Ashenzari
Cheibriados
Dithmenos
Elyvilon
Fedhas
Gozag
Hepliaklqana
Kikubaaqudgha
Ru
Trog
Uskayaw
Xom
Yredelemnul
Zin
The Shining One
Lugonu

Shops:
D:2 [   D:3 [[:   D:5 :


Innate Abilities, Weirdness & Mutations

((You are very nimble when in or above water. (Stealth+, EV+, Speed+++)))
Your lower body shifts to a powerful aquatic tail in water.


Message History

You feel sick.
You are no longer poisoned.
You hit the orc priest.
The orc priest is moderately wounded.
The orc priest completely misses you.
You punch the orc priest!
The orc priest is almost dead.
You closely miss the orc. You punch the orc!
You kill the orc!
The orc priest miscasts a cantrip.
You punch the adder!
You kill the adder!
The orc priest calls down the wrath of Beogh upon you.
Beogh smites you! The iguana attacks as it pursues you!
The iguana barely misses you. The iguana barely misses you.
The iguana attacks as it pursues you! The iguana bites you!
The orc priest casts a cantrip, but nothing happens.
The iguana bites you! The iguana attacks as it pursues you!
The iguana bites you.
* * * LOW HITPOINT WARNING * * *
The iguana attacks as it pursues you! The iguana closely misses you.
There is a stone staircase leading up here.
You climb upwards.
There is a stone staircase leading down here.
Throw: 2 throwing nets
Press: ? - help, Shift-Dir - straight line, f - iguana
Aim: an iguana (61% to hit)
You throw a throwing net.
The throwing net closely misses the iguana.
The iguana bites you!
* * * LOW HITPOINT WARNING * * *
Throw: throwing net
Press: ? - help, Shift-Dir - straight line, f/p - iguana
Aim: an iguana (61% to hit)
You throw a throwing net.
The throwing net closely misses the iguana.
The iguana bites you!
You die...

####.....#.#####'#.#...#.####..#.
####...P...#.......#.).#.##.#..#.
####.#.....#...<...#...#....#..#.
.....#.P_..#.......#...####.#..#.
####.#...[)#................#..#.
####.....[.#......##.#.........#.
######..##.....................#.
#######.#######...##############.
................@l.....(.........
'####.......###...####.##########
............'.....## #.#
............####'..# #.##
............# ###'# #..#
............### ♣.♣ ##.#
.#'####'###...# ♣.♣ #.#
.#...[.....##.#♣♣♣.♣♣♣#.#
.#..##[..#..#.'...∩...'.#


You could see an iguana.

Vanquished Creatures
  Menkaure (D:5)
  2 ogres (D:5)
  2 centaurs (D:5)
  A bullfrog (D:6)
  3 scorpions
  A bombardier beetle (D:5)
  2 hounds (D:5)
  A gnoll bouda (Temple)
  An orc priest (D:2)
  A sleepcap (D:5)
  2 iguanas (D:5)
  2 orc wizards
  9 gnolls
  8 adders
  2 ribbon worms (D:2)
  A dart slug (D:3)
  16 orcs
  10 endoplasms
  2 giant cockroaches
  4 goblins
  6 hobgoblins
  4 quokkas
  6 ball pythons
  2 bats (D:3)
  2 frilled lizards
  4 kobolds
  2 rats
97 creatures vanquished.

Notes
Turn   | Place    | Note
-------+----------+-------------------------------------------
     0 | D:1      | SnakkuSnakku7 the Merfolk Air Elementalist began the quest
                  | for the Orb.
     0 | D:1      | Reached XP level 1. HP: 13/13 MP: 3/3
   104 | D:1      | Reached skill level 1 in Fighting
   104 | D:1      | Reached skill level 1 in Unarmed Combat
   107 | D:1      | Reached XP level 2. HP: 11/21 MP: 0/5
   291 | D:1      | Found a faded altar of an unknown god.
   896 | D:1      | Reached skill level 2 in Unarmed Combat
   896 | D:1      | Reached XP level 3. HP: 8/27 MP: 0/6
  1093 | D:2      | Reached XP level 4. HP: 34/34 MP: 3/7
  1435 | D:2      | Reached skill level 3 in Unarmed Combat
  1465 | D:2      | Found a shadowy altar of Dithmenos.
  1467 | D:2      | Found Qatuis's Armour Emporium.
  1714 | D:3      | Reached XP level 5. HP: 38/41 MP: 8/8
  2315 | D:3      | Found Sefivvaed's Antique Armour Shop.
  2386 | D:3      | Found Otuaf's Antique Armour Shop.
  2649 | D:3      | Found Bextam's Book Emporium.
  2710 | D:4      | Found a glowing golden altar of the Shining One.
  3012 | D:4      | Reached skill level 4 in Unarmed Combat
  3048 | D:4      | Identified the +3 whip "Ogrebane" {holy, rN+}
  3071 | D:4      | Found a sacrificial altar of Ru.
  3337 | D:4      | Became a worshipper of Ru the Awakened
  3353 | D:5      | Entered Level 5 of the Dungeon
  3358 | D:5      | Noticed an ogre
  3371 | D:5      | Killed an ogre
  3372 | D:5      | Reached XP level 6. HP: 49/49 MP: 9/9
  3531 | D:5      | Found a white marble altar of Elyvilon.
  3731 | D:5      | Reached skill level 5 in Fighting
  3731 | D:5      | Reached skill level 5 in Unarmed Combat
  3731 | D:5      | Reached XP level 7. HP: 36/56 MP: 10/10
  3850 | D:5      | Reached skill level 6 in Unarmed Combat
  3973 | D:5      | Noticed Menkaure
  4216 | D:5      | Found Jeisafuis's Book Shop.
  4293 | D:5      | Found a bloodstained altar of Trog.
  4334 | D:6      | Reached skill level 7 in Unarmed Combat
  4473 | D:5      | Killed Menkaure
  4474 | D:5      | Reached XP level 8. HP: 13/62 MP: 11/11
  4683 | D:5      | Reached skill level 8 in Unarmed Combat
  4760 | D:5      | Found a blossoming altar of Fedhas.
  4830 | D:5      | Found a staircase to the Ecumenical Temple.
  4874 | Temple   | Entered the Ecumenical Temple
  5348 | Temple   | Reached skill level 9 in Unarmed Combat
  5815 | D:5      | Slain by an iguana

Illustrated notes

Levels and vault maps discovered:
D:1:      denvon_arrival_planthouse, layout_rooms,
          nicolae_ecumenical_lake_church
D:2:      layout_basic, serial_shops, shop, basic_altar, grunt_ministairs_3,
          serial_bayou_lagoon_a
D:3:      minmay_angry_zag, layout_loops_ring, serial_shops, shop,
          nicolae_shop_gibbet_a_chance, shop
D:4:      layout_loops_ring, general_overflow_altar, tso_altar
D:5:      layout_basic, fedhas_altar_3, mainiacjoe_overflow_boulevard,
          mainiacjoe_overflow_small_starburst, minmay_temple_entry_mini_moons,
          serial_shops, nicolae_book_shop_shelving,
          minmay_misc_feat_more_columns, kennysheep_flooded_box,
          nrook_mini_vaults, hangedman_decor_clover_reticule,
          reono_crystal_passage, uniq_menkaure
D:6:      layout_rooms, mainiacjoe_overflow_cross_hatched,
          nicolae_overflow_hidden_temple, uniq_maggie
Temple:   kb_corrupted_temple

Skill      XL: |  1  2  3  4  5  6  7  8 |
---------------+-------------------------+-----
Fighting       | 1 2 3 4 5 |  5.0
Unarmed Combat | 1 2 3 4 5 7 9 |  9.5
Dodging        | |  2.6
Stealth        | |  2.1
Spellcasting   | |  2.0
Conjurations   | |  0.7
Air Magic      | |  2.4

Action                     |  1- 3 |  4- 6 |  7- 9 || total
---------------------------+-------+-------+-------++-------
  Melee: Unarmed           |   118 |   225 |   161 ||   504
         Punch             |     3 |     9 |    10 ||    22
  Throw: Throwing net      |       |       |     3 ||     3
   Cast: Shock             |    31 |     8 |       ||    39
  Evoke: Wand              |       |     4 |     2 ||     6
    Use: Scroll            |       |     6 |       ||     6
         Potion            |       |     1 |     1 ||     2
   Stab: Sleeping          |       |     6 |       ||     6
         Held in net/web   |       |       |     1 ||     1
 Armour: Robe              |    59 |    97 |   121 ||   277
  Dodge: Dodged            |    78 |   103 |    97 ||   278
